 Dungeon Crawl Stone Soup version 0.29.1-13-g9f3cf754e1 (webtiles) character file.

Game seed: 13369600753866278802

1452 KittyFluff the Cudgeller (level 8, -1/50 HPs)
             Began as a Gargoyle Berserker on Jan 20, 2023.
             Was an Elder of Trog.
             Slain by a wyvern zombie (8 damage)
             ... in an ossuary.
             The game lasted 00:24:13 (6673 turns).

KittyFluff the Cudgeller (Gargoyle Berserker)       Turns: 6673, Time: 00:24:14

Health: -1/50      AC: 12    Str: 21    XL:     8   Next: 75%
Magic:  17/17      EV: 16    Int:  8    God:    Trog [****..]
Gold:   217        SH:  0    Dex: 11    Spells: 7/7 levels left

rFire   . . .      SeeInvis .   r - +1 mace "Cujewism" {flame, Drain rN+ rCorr MP+9}
rCold   . . .      Faith    .   (no shield)
rNeg    + + .      Spirit   .   l - +0 leather armour
rPois   ∞          Reflect  .   k - +0 helmet
rElec   +          Harm     .   F - +0 cloak
rCorr   +          Rampage  .   (no gloves)
Will    .....                   (no boots)
Stlth   ++........              J - amulet of regeneration
HPRegen 0.16/turn               K - ring of resist corrosion
MPRegen 0.15/turn               t - +4 ring of evasion

@: no status effects
A: sickness immunity, AC +5, negative energy resistance 1, electricity
resistance, torment resistance 1, petrification resistance
a: Renounce Religion, Berserk, Trog's Hand, Brothers in Arms


You were in an ossuary.
You worshipped Trog.
Trog was greatly pleased with you.
You visited 1 branch of the dungeon, and saw 6 of its levels.
You also visited: Ossuary.

You collected 401 gold pieces.
You spent 184 gold pieces at shops.

Inventory:

Hand Weapons
 a - a +0 mace
 h - a +0 sling
 r - the +1 mace "Cujewism" (weapon) {flame, Drain rN+ rCorr MP+9}
   (You bought it in a shop on level 2 of the Dungeon)

   It burns those it strikes, dealing additional fire damage.
   rN:        It protects you from negative energy.
   MP:        It affects your magic capacity (+9).
   rCorr:     It protects you from acid and corrosion.
   Drain:     It drains your maximum health when unequipped.
 y - the +3 trident of Kyto {vorpal, Drain rElec rF+++ Str+7}
   (You found it on level 3 of the Dungeon)

   It inflicts extra damage upon your enemies.
   Str:       It affects your strength (+7).
   rF:        It renders you almost immune to fire.
   rElec:     It insulates you from electricity.
   Drain:     It drains your maximum health when unequipped.
 M - a +0 longbow
Missiles
 f - 52 stones (quivered)
 i - 7 poisoned darts
 q - 3 throwing nets
 I - 3 boomerangs
Armour
 k - a +0 helmet (worn)
 l - a +0 leather armour (worn)
 w - a +0 ring mail
 B - a +0 chain mail
 F - a +0 cloak (worn)
 L - the +0 pair of gloves of Macsohups {Rampage rElec Str-2}
   (You found it on level 5 of the Dungeon)

   Str:       It affects your strength (-2).
   rElec:     It insulates you from electricity.
   Rampage:   It bestows one free step when moving towards enemies.
Jewellery
 t - a +4 ring of evasion (right hand)
 u - a +6 ring of intelligence
 x - an amulet of the acrobat
 J - an amulet of regeneration (around neck)
 K - a ring of resist corrosion (left hand)
Wands
 G - a wand of polymorph (5)
 N - a wand of acid (6)
Scrolls
 b - 3 scrolls of enchant armour {unknown}
 c - 6 scrolls of fear
 e - a scroll of teleportation
 g - a scroll of noise
 m - 2 scrolls of immolation {unknown}
 n - a scroll of fog
 s - a scroll of summoning
 z - 2 scrolls of blinking
 E - a scroll of vulnerability
Potions
 d - 3 potions of curing
 j - a potion of magic {unknown}
 o - 2 potions of mutation
 p - a potion of heal wounds
 v - a potion of degeneration {unknown}
 A - a potion of might {unknown}
 C - a potion of invisibility {unknown}
 D - a potion of flight {unknown}
 H - a potion of brilliance {unknown}
 O - a potion of ambrosia {unknown}


   Skills:
 + Level 5.6 Fighting
 + Level 7.3 Maces & Flails
 + Level 0.2 Throwing
 * Level 6.5 Armour
 + Level 3.0 Dodging
 + Level 2.7 Stealth


You had 7 spell levels left.
You didn't know any spells.
Your spell library was empty.

Dungeon Overview and Level Annotations

Branches:
Dungeon (6/15)            Ossuary (1/1)
 Temple: D:4-7

Altars:
Nemelex Xobeh

Shops:
D:2 (   D:5 *

Portals:
Abyss: D:3


Innate Abilities, Weirdness & Mutations

You are immune to sickness and miasma.
Your stone body is resilient. (AC +5)
You are immune to poison.
You resist negative energy. (rN+)
You are resistant to electric shocks. (rElec)
You are resistant to unholy torment.
You are immune to petrification.


Message History

The mummy is severely damaged.
You completely miss the mummy.
The mummy is severely damaged.
The mummy closely misses you.
You hit the mummy. You burn the mummy.
The mummy is almost destroyed.
The mummy hits you but does no damage.
You completely miss the mummy.
The mummy is almost destroyed.
A wyvern zombie comes into view.
You hit the mummy but do no damage.
The mummy is almost destroyed.
The mummy closely misses you.
You hit the mummy. You burn the mummy.
You destroy the mummy!
Trog accepts your kill.
You sock the wyvern zombie! You burn the wyvern zombie.
The wyvern zombie is moderately damaged.
The wyvern zombie bites you. The wyvern zombie closely misses you.
You hit the wyvern zombie. You burn the wyvern zombie.
The wyvern zombie is moderately damaged.
The wyvern zombie closely misses you.
You barely miss the wyvern zombie.
The wyvern zombie is moderately damaged.
The wyvern zombie bites you!
You hit the wyvern zombie. You burn the wyvern zombie.
The wyvern zombie is heavily damaged.
The wyvern zombie closely misses you. The wyvern zombie bites you!
* * * LOW HITPOINT WARNING * * *
You hit the wyvern zombie. You burn the wyvern zombie.
The wyvern zombie is heavily damaged.
The wyvern zombie bites you.
* * * LOW HITPOINT WARNING * * *
You barely miss the wyvern zombie.
The wyvern zombie is heavily damaged.
The wyvern zombie barely misses you.
You sock the wyvern zombie! You burn the wyvern zombie.
The wyvern zombie is severely damaged.
The wyvern zombie bites you!
You die...

##### #∩..# #
#.∩.# #.#...#
##'##'##'##.#
............+
#'#'#+#Z#+#'#
#@# # ###


You could see a wyvern zombie.

Vanquished Creatures
  Prince Ribbit (D:5)
  A black bear (D:5)
  An orc warrior (D:5)
  A hornet zombie (Ossuary)
  A small abomination (D:3)
  The ghost of alhimik the Trooper, a weakling MiMo (D:3)
  5 bullfrog zombies (Ossuary)
  A centaur zombie (Ossuary)
  3 hounds
  2 jellies
  2 orc priests (D:5)
  Natasha (thrice) (D:3)
  Terence (D:3)
  2 iguanas (D:5)
  3 orc wizards (D:6)
  2 killer bee zombies (Ossuary)
  4 mummies
  5 adders
  A white imp (D:3)
  An ufetubus (D:5)
  A worm (D:2)
  A dart slug (D:3)
  8 orcs
  5 ball pythons
  5 bats
  7 endoplasms
  2 giant cockroaches (D:2)
  14 goblins
  8 hobgoblins
  4 jackals
  6 kobolds
  8 quokkas
  2 frilled lizards
  2 kobold zombies (D:6)
  7 rats
121 creatures vanquished.

Vanquished Creatures (others)
  3 plants
  6 withered plants (Ossuary)
9 creatures vanquished.

Grand Total: 130 creatures vanquished

Notes
Turn   | Place    | Note
-------+----------+-------------------------------------------
     0 | D:1      | KittyFluff the Gargoyle Berserker began the quest for the
                  | Orb.
     0 | D:1      | Reached XP level 1. HP: 14/14 MP: 1/1
   274 | D:1      | Reached XP level 2. HP: 19/19 MP: 2/2
   964 | D:1      | Reached XP level 3. HP: 23/24 MP: 3/3
  1154 | D:2      | Reached ** piety under Trog
  1434 | D:2      | Found Zodghuizo's Antique Weapon Shop.
  1729 | D:2      | Found a faded altar of an unknown god.
  1826 | D:2      | Bought a jewelled mace for 184 gold pieces
  1826 | D:2      | Identified the +1 mace "Cujewism" {flame, Drain rN+ rCorr
                  | MP+9} (You bought it in a shop on level 2 of the Dungeon)
  1952 | D:2      | Reached XP level 4. HP: 29/29 MP: 4/4
  2262 | D:3      | Reached skill level 4 in Maces & Flails
  2385 | D:3      | Noticed Natasha
  2392 | D:3      | Killed Natasha
  2392 | D:3      | Reached *** piety under Trog
  2393 | D:3      | Reached XP level 5. HP: 29/33 MP: 5/5
  2427 | D:3      | Identified the +3 trident of Kyto {vorpal, Drain rElec
                  | rF+++ Str+7}
  2592 | D:3      | Found a one-way gate to the infinite horrors of the Abyss.
  2592 | D:3      | Noticed alhimik's ghost (weakling MiMo)
  2597 | D:3      | Noticed Natasha
  2601 | D:3      | Killed Natasha
  2630 | D:3      | Noticed Natasha
  2637 | D:3      | Killed Natasha
  2695 | D:3      | Noticed Terence
  2709 | D:3      | Killed Terence
  2747 | D:3      | Found a transporter.
  2820 | D:3      | Found a transporter.
  2919 | D:3      | Killed alhimik's ghost
  2920 | D:3      | Reached skill level 5 in Maces & Flails
  2920 | D:3      | Reached skill level 1 in Stealth
  2920 | D:3      | Reached XP level 6. HP: 21/38 MP: 6/6
  4402 | D:4      | Found a sparkling altar of Nemelex Xobeh.
  4460 | D:5      | Entered Level 5 of the Dungeon
  4587 | D:5      | Reached XP level 7. HP: 15/44 MP: 7/7
  5195 | D:5      | Noticed Prince Ribbit
  5217 | D:5      | Killed Prince Ribbit
  5218 | D:5      | Reached skill level 6 in Maces & Flails
  5218 | D:5      | Reached skill level 5 in Armour
  5580 | D:5      | Reached XP level 8. HP: 9/48 MP: 8/8
  5899 | D:5      | Identified the +0 pair of gloves of Macsohups {Rampage
                  | rElec Str-2}
  5968 | D:5      | Identified the +4 trident of Desertification {vorpal,
                  | Int+2}
  6029 | D:5      | Found Naemeis's Mayhem Merchandise.
  6084 | D:5      | Reached skill level 5 in Fighting
  6361 | D:6      | Found a sand-covered staircase.
  6495 | Ossuary  | Entered an ossuary
  6522 | Ossuary  | Reached **** piety under Trog
  6583 | Ossuary  | Reached skill level 7 in Maces & Flails
  6673 | Ossuary  | Slain by a wyvern zombie

Illustrated notes

Levels and vault maps discovered:
D:1:      beargit_arrival_greenhouse, layout_loops_ring
D:2:      kennysheep_the_goblin_king, layout_basic,
          shapermc_ecumenical_altar_ellora, serial_shops, nicolae_diamond_shop
D:3:      layout_loops_ring, gammafunk_ghost_abyssal_escape, uniq_terence,
          uniq_natasha
D:4:      layout_basic, nemelex_spade_bored_becter, serial_bayou_pond_b,
          amcnicky_mini_rare_corridor_liquid
D:5:      layout_loops_corners, minmay_shop_mayhem, fountainhead,
          uniq_prince_ribbit1
D:6:      layout_gridville, nicolae_ossuary_entry_giza,
          kennysheep_generic_room_15, uniq_edmund, uniq_crazy_yiuf_cottage
Ossuary:  ossuary_zaba_flooded

Skill      XL: |  1  2  3  4  5  6  7  8 |
---------------+-------------------------+-----
Armour         | 3 4 5 6 |  6.5
Maces & Flails | 4 5 6 7 |  7.3
Fighting       | 4 5 |  5.6
Dodging        | 2 3 |  3.0
Stealth        | 1 2 |  2.7
Throwing       | |  0.2

Action                   |  1- 3 |  4- 6 |  7- 9 || total
-------------------------+-------+-------+-------++-------
Melee: Mace              |   132 |   166 |   181 ||   479
       Punch             |       |     1 |     4 ||     5
Throw: Stone             |     3 |       |     4 ||     7
Invok: Berserk           |       |     1 |     2 ||     3
  Use: Scroll            |       |     8 |     2 ||    10
 Stab: Sleeping          |       |     1 |     3 ||     4
Armor: Animal skin       |    21 |       |       ||    21
       Leather armour    |    30 |    46 |    43 ||   119
Dodge: Dodged            |    78 |   126 |   133 ||   337
